 Dungeon Crawl Stone Soup version 0.25-a0-1136-gc1285e62ab (webtiles) character file.

Game seed: 12680466409621945231, levelgen mode: deterministic

156 Masnef the Cudgeler (level 5, 0/53 HPs)
             Began as an Ogre Skald on May 23, 2020.
             Slain by a gnoll
             ... wielding a +0 spear
              (1 damage)
             ... on level 3 of the Dungeon.
             The game lasted 00:04:19 (3647 turns).

Masnef the Cudgeler (Ogre Skald)                    Turns: 3647, Time: 00:04:20

Health: 0/53       AC:  3    Str: 15    XL:     5   Next: 37%
Magic:  1/8        EV: 10    Int: 15    God:
Gold:   133        SH:  0    Dex:  8    Spells: 5/8 levels left

rFire    . . .     SeeInvis .   a - +0 mace
rCold    . . .     Gourm    .   (no shield)
rNeg     . . .     Faith    .   b - +0 robe
rPois    .         Spirit   .   (helmet restricted)
rElec    .         Reflect  .   (no cloak)
rCorr    .         Harm     .   (gloves unavailable)
MR       .....                  (boots unavailable)
Stlth    +.........             (no amulet)
HPRegen  0.17/turn              (no ring)
MPRegen  0.11/turn              (no ring)

@: infused (expiring)
A: large, unfitting armour, tough skin 1
a: no special abilities


You were on level 3 of the Dungeon.
You were not hungry.

You visited 1 branch of the dungeon, and saw 3 of its levels.

You collected 133 gold pieces.

Inventory:

Hand Weapons
 a - a +0 mace (weapon)
Armour
 b - a +0 robe (worn)
Scrolls
 c - 5 scrolls of identify {unknown}
 i - a scroll of remove curse {unknown}
 k - a scroll of magic mapping {unknown}
 l - a scroll of amnesia {unknown}
 m - 2 scrolls of teleportation {unknown}
 o - a scroll of noise {unknown}
Potions
 e - a potion of mutation {unknown}
 f - a potion of flight {unknown}
 g - 2 potions of cancellation {unknown}
 h - 2 potions of ambrosia {unknown}
 j - 2 potions of brilliance {unknown}
 p - a potion of might {unknown}
Comestibles
 d - 3 rations


   Skills:
 + Level 3.1 Fighting
 + Level 4.5 Maces & Flails
 + Level 2.4 Dodging
 - Level 2.4 Spellcasting
 - Level 2.7 Charms


You had 5 spell levels left.
You knew the following spells:

 Your Spells              Type           Power        Failure   Level  Hunger
a - Infusion              Chrm           ##..         7%          1    #......
b - Shroud of Golubria    Chrm/Tloc      #.....       19%         2    ###....

Your spell library contained the following spells:

 Spells                   Type           Power        Failure   Level  Hunger
 Song of Slaying          Chrm           ##......     11%         2    ###....
 Ozocubu's Armour         Chrm/Ice       #.......     34%         3    ###....
 Spectral Weapon          Hex/Chrm       #.......     34%         3    ###....


Dungeon Overview and Level Annotations

Branches:
Dungeon (3/15)

Altars:
Cheibriados
Gozag
Nemelex Xobeh
Sif Muna

Annotations:
D:3 3 runed translucent doors, omer1ben's ghost, weakling DrFE


Innate Abilities, Weirdness & Mutations

You are too large for most types of armour.
You have tough skin. (AC +1)


Message History

You thump the gnoll!
You kill the gnoll!
The gnoll barely misses you.
The gnoll hits you from afar with a +0 spear!
The gnoll hits you with a +0 halberd!
You see here a gnoll corpse.
You are too injured to fight recklessly!
You are too injured to fight recklessly!
You sock the gnoll!
The gnoll is severely wounded.
The gnoll hits you from afar with a +0 spear.
* * * LOW HITPOINT WARNING * * *
The gnoll closely misses you.
You sock the gnoll!
You kill the gnoll!
Your magical infusion is running out.
The gnoll hits you from afar with a +0 spear!
* * * LOW HITPOINT WARNING * * *
The gnoll hits you from afar with a +0 spear.
You die...

#.# ######## ##'##
###......#####....
#.'......'..##....
#.#......##.##....
#.#..#....#.##....
#.#....<#.#.###...
#.#.......#.######
#@#....>.........รท
#)#.##..##########
#g#'##......#.....
#g......###.#.#.##
#...........#.#..<
#.......#####.#.#.
#.#.............##
#.###.#........##.
#..............#g.


You could see 2 gnolls.

Vanquished Creatures
  6 gnolls
  3 adders
  2 worms (D:2)
  3 dart slugs
  A leopard gecko (D:2)
  An orc (D:3)
  5 bats
  3 giant cockroaches
  5 goblins
  5 hobgoblins
  4 jackals (D:3)
  7 kobolds
  3 quokkas (D:2)
  A ball python (D:1)
  3 frilled lizards
  4 rats
56 creatures vanquished.

Notes
Turn   | Place    | Note
-------+----------+-------------------------------------------
     0 | D:1      | Masnef the Ogre Skald began the quest for the Orb.
     0 | D:1      | Reached XP level 1. HP: 22/22 MP: 3/3
   312 | D:1      | Reached skill level 2 in Maces & Flails
   330 | D:1      | Reached XP level 2. HP: 29/29 MP: 5/5
  1118 | D:1      | Learned a level 2 spell: Shroud of Golubria
  1125 | D:1      | Reached skill level 3 in Maces & Flails
  1125 | D:1      | Reached XP level 3. HP: 10/36 MP: 1/6
  1398 | D:2      | Reached XP level 4. HP: 7/44 MP: 0/7
  1667 | D:2      | Found a snail-covered altar of Cheibriados.
  1964 | D:2      | Found a shimmering blue altar of Sif Muna.
  2344 | D:2      | Reached skill level 4 in Maces & Flails
  3096 | D:3      | Found a sparkling altar of Nemelex Xobeh.
  3154 | D:3      | Reached XP level 5. HP: 49/52 MP: 8/8
  3558 | D:3      | Found a runed translucent gate.
  3559 | D:3      | Found a runed translucent gate.
  3560 | D:3      | Found a runed translucent gate.
  3561 | D:3      | Found an opulent altar of Gozag.
  3563 | D:3      | Noticed omer1ben's ghost (weakling DrFE)
  3647 | D:3      | HP: 1/53 [gnoll/+0 spear (12)]
  3647 | D:3      | Slain by a gnoll

Illustrated notes

Levels and vault maps discovered:
D:1:      denvon_arrival_waterhouse, layout_basic
D:2:      kb_forest_paths, layout_basic, lemuel_coloured_pillars_altar,
          lemuel_doored_altar
D:3:      layout_basic, nicolae_overflow_hidden_temple, ebering_ghost_gozag,
          nemelex_lonely_heart_becter

Skill      XL: |  1  2  3  4  5 |
---------------+----------------+-----
Maces & Flails | 2 3 4 |  4.5
Fighting       | 3 |  3.1
Dodging        | |  2.4
Spellcasting   | |  2.4
Charms         | |  2.7

Action                   |  1- 3 |  4- 6 || total
-------------------------+-------+-------++-------
Melee: Mace              |    66 |   129 ||   195
 Cast: Infusion          |     3 |     1 ||     4
       Shroud of Golubri |     2 |     1 ||     3
 Stab: Sleeping          |       |     1 ||     1
  Eat: Chunk             |     2 |     7 ||     9
Armor: Robe              |    20 |    40 ||    60
Dodge: Dodged            |    42 |   104 ||   146

Table legend:
 A = Non-vault XP
 B = Vault XP
 C = Vault XP percentage of total XP
 D = Non-vault monster count
 E = Vault monster count
 F = Vault count percentage of total count
                 A         B        C        D         E       F
            +---------+---------+-------+---------+---------+-------
      Total |     199 |      24 |  10.8 |      50 |       6 |  10.7
            +---------+---------+-------+---------+---------+-------
        D:1 |      45 |       0 |   0.0 |      12 |       0 |   0.0
        D:2 |      77 |      24 |  23.8 |      23 |       6 |  20.7
        D:3 |      77 |       0 |   0.0 |      15 |       0 |   0.0
            +---------+---------+-------+---------+---------+-------
